[Event "Late-Titled-Tuesday-Blitz-May-28-2024"]
[Site "Chess.com"]
[Date "2024.05.28"]
[Round "3"]
[White "KebabJangles"]
[Black "Javadovvv"]
[Result "1-0"]
[WhiteElo "2291"]
[BlackElo "2527"]
[TimeControl "180+1"]
[EndTime "14:30:25 PDT"]
[Termination "KebabJangles won by resignation"]

1. d4 e6 2. c4 d5 3. Nf3 Nf6 4. g3 Be7 5. Bg2 O-O 6. O-O c6 7. Nc3 b6 8. Qd3 Bb7 9. e4 Na6 10. e5 Nd7 11. cxd5 Nb4 12. Qd1 Nxd5 13. Nxd5 cxd5 14. h4 Rc8 15. Be3 Qc7 16. Rc1 Qb8 17.
Qd3 h6 18. Nh2 Rxc1 19. Rxc1 Rc8 20. Rxc8+ Qxc8 21. h5 Ba6 22. Qd2 Qc4 23. b3 Qc7 24.
Ng4 Bf8 25. Bf1 Bxf1 26. Kxf1 b5 27. Ke2 a6 28. Nh2 Nb8 29. f4 Nc6 30. Nf3 Qa5 31. Qxa5 Nxa5 32. Bd2 Nc6 33. Kd3 Bb4 34. a4 bxa4 35.
bxa4 Kf8 36. Bxb4+ Nxb4+ 37. Kc3 Nc6 38. Ne1 Ke7 39.
Nd3 a5 40. Nc5 Nb4 41. Nb3 Nc6 42. g4 f6 43. Nd2 Kf7 44. Nf3 Ke7 45. Ne1 Kf7 46. Nd3 Ke7 47. Nc5 Kf7 48. Nb7 Ke7 49. Nd6 Kf8 50. Nb7 Ke7 51. Nc5 Kf7 52. Nd3 Ke7 53.
f5 fxe5 54. dxe5 Kf7 55. Kd2 Nd4 56. Ke3 Nc2+ 57. Kf4 Nd4 58. Nc5 exf5 59. gxf5 Nc6 60. e6+ Ke7 61. Nd3 Kf6 62. Nf2 Ke7 63. Ng4 Kd6 64.
Ke3 Ne7 65. Kf4 Nc6 66. Ne3 Ne7 67. Nc2 Nc6 68. Na3 Ke7 69. Nb5 Kf6 70. Nc3 Nb4 71. Ke3 d4+ 72. Kxd4 Kxf5 73. Nd5 Kxe6 74. Nxb4 axb4 75.
Kc4 Kd6 76. Kxb4 Kc6 77. Kc4 Kb6 78. Kd5 Ka5 79. Ke5 Kxa4 80. Kf5 g5 81. hxg6 1-0

[Event "Late-Titled-Tuesday-Blitz-May-28-2024"]
[Site "Chess.com"]
[Date "2024.05.28"]
[Round "3"]
[White "maracayo"]
[Black "brunoo2003"]
[Result "0-1"]
[WhiteElo "2417"]
[BlackElo "2577"]
[TimeControl "180+1"]
[EndTime "14:30:30 PDT"]
[Termination "brunoo2003 won by resignation"]

1. e4 e5 2. Nf3 Nc6 3. Bb5 Nf6 4. O-O Nxe4 5. d4 Nd6 6. Bxc6 dxc6 7. dxe5 Nf5 8. Qxd8+ Kxd8 9. Nc3 Ke8 10. b3 Be7 11. Bb2 Be6 12. h3 h5 13. Rfe1 Rd8 14. Ne4 Rh6 15. Neg5 h4 16. Nxe6 Rxe6 17. Rad1 Rxd1 18. Rxd1 c5 19. c4 Ra6 20. a4 Rb6 21. Rd3 Bd8 22. Kh2 Rh6 23. Bc1 Rg6 24. Be3 b6 25. Bf4 Re6 26. g4 hxg3+ 27. fxg3 Ne7 28. Ng5 Rg6 29. Nxf7 Nc6 30. Nxd8 Nxd8 31. h4 Re6 32. Kh3 Nc6 33. Re3 Nd4 34. Kg4 Nc2 35. Re2 Nd4 36. Re3 Rg6+ 37.
Kh5 Kf7 38. Bg5 Re6 39. Kg4 Ke8 40. h5 Nc6 41. Kf5 Nd4+ 42. Ke4 Nc6 43. Kf5 Nd4+ 44. Ke4 Nc2 45. Re2 Nb4 46. Rf2 Nc6 47. Bf4 Kd7 48. Rd2+ Ke7 49. Rd5 Ke8 50. g4 Nb4 51. Rd2 Nc6 52.
g5 Ne7 53. Rh2 Kf7 54. h6 gxh6 55. Rxh6 Ng6 56. Rh7+ Ke8 57. Rxc7 Re7 58. Rxe7+ Kxe7 59. Kf5 Nh4+ 60. Kg4 Ng6 61. Bg3 Ke6 62. Kh5 Kf5 63. e6 Ne7 64. Kh6 Kxe6 65. Kh7 Kf5 66. Bb8 Nc6 67.
Bf4 Kxf4 68. g6 Ne7 69. g7 Ke4 70. g8=Q Nxg8 71. Kxg8 Kd3 72. Kf7 Kc3 73. Ke6 Kxb3 74. a5 Kxc4 75. axb6 axb6 0-1

[Event "Late-Titled-Tuesday-Blitz-May-28-2024"]
[Site "Chess.com"]
[Date "2024.05.28"]
[Round "3"]
[White "Sondremelaa"]
[Black "ClauAmura"]
[Result "1-0"]
[WhiteElo "2579"]
[BlackElo "2415"]
[TimeControl "180+1"]
[EndTime "14:30:33 PDT"]
[Termination "Sondremelaa won by resignation"]

1. d4 d5 2. Bf4 Nf6 3. e3 c6 4. c4 Bf5 5. Nc3 e6 6. Nf3 Bd6 7. Bxd6 Qxd6 8. Qb3 b6 9. Be2 O-O 10.
O-O Nbd7 11. Rac1 Rfc8 12. Rfd1 Ne4 13. Nh4 Bg6 14. Nxg6 hxg6 15. Nxe4 dxe4 16. Qc2 Nf6 17. c5 Qc7 18. Ba6 Rcb8 19. b4 b5 20. a4 Nd5 21.
Qd2 bxa4 22. Rb1 a3 23. Bc4 a5 24. b5 cxb5 25. Rxb5 Rxb5 26. Bxb5 Nb4 27. Ra1 Rb8 28. Bc4 e5 29. Rxa3 exd4 30. exd4 Nc6 31. Ra1 Rd8 32. d5 Ne5 33. Qd4 Ng4 34. d6 Qb7 35. h3 Nf6 36. Rxa5 Qb1+ 37. Kh2 Qe1 38. c6 Qxa5 39. c7 Rc8 40. g4 Rxc7 41. dxc7 Qxc7+ 42. Kg2 Qf4 43. Be2 g5 44. Qd8+ Kh7 45. Qd4 Kg6 46. Qc5 Qd2 47. Bc4 Kh7 48. Bxf7 e3 49. Qxe3 Qxe3 50. fxe3 Ne4 51. Kf3 Nd6 52.
Bd5 Kg6 53. Bc6 Kf6 54. Kg3 Ke5 55. h4 gxh4+ 56. Kxh4 Nc4 57. e4 Kf4 58. Kh5 Ne5 59. g5 g6+ 60. Kh6 Nf7+ 61. Kxg6 Nxg5 62. e5 Ne6 63. Kf6 Nd4 64. Bd5 Nf5 65. Bc4 Nd4 66.
Bd3 Ke3 67. Bc4 Kf4 68. Bd3 Ke3 69. Bb1 Kf4 70. Bg6 Ke3 71. Ke7 Kf4 72. Kd6 Ke3 73. Kd5 Nf3 74. e6 Ng5 75. e7 1-0

[Event "Late-Titled-Tuesday-Blitz-May-28-2024"]
[Site "Chess.com"]
[Date "2024.05.28"]
[Round "3"]
[White "korkmaz16"]
[Black "jaramsdal"]
[Result "0-1"]
[WhiteElo "2547"]
[BlackElo "2401"]
[TimeControl "180+1"]
[EndTime "14:30:33 PDT"]
[Termination "jaramsdal won by resignation"]

1. e4 c5 2. Nc3 g6 3. f4 Bg7 4. Nf3 e6 5. Bc4 Ne7 6. O-O O-O 7.
d3 d5 8. Bb3 Nbc6 9. Qe1 Nd4 10. Nxd4 cxd4 11. Ne2 a5 12. a4 dxe4 13. dxe4 d3 14.
Nc3 Nc6 15. e5 Nd4 16. Be3 dxc2 17. Ba2 Nf5 18. Bc5 Qc7 19. Qf2 Ra6 20. Nb5 Qc6 21. Rac1 Qe4 22. Bxf8 Bxf8 23. Rxc2 Bd7 24. Re1 Qxa4 25.
Nc3 Qb4 26. Ne4 Bc6 27. Nf6+ Kg7 28. g4 Nd4 29. Rc4 Nf3+ 30. Qxf3 Qxe1+ 31. Qf1 Qe3+ 32. Qf2 Qxf2+ 33. Kxf2 Rb6 34. b3 Be7 35. g5 h6 36.
h4 h5 37. Ke3 Rb4 38. Kd4 Bb5 39. Rxb4 Bxb4 40. Ne4 Bc6 41. Nd6 Kf8 42. Ke3 Bxd6 43. exd6 Ke8 44. Kd4 Kd7 45. Ke5 Bd5 46. Kf6 a4 47.
Kxf7 e5+ 48. Kxg6 exf4 49. Kf5 f3 50. Bb1 f2 51. Bd3 a3 52. Ke5 a2 53. Bb5+ Kd8 54.
Kxd5 a1=Q 55. g6 f1=Q 56. Bxf1 Qxf1 57. Ke6 Qf4 58. g7 Qg4+ 59. Kf7 Qf5+ 60. Kg8 Ke8 61. d7+ Kxd7 62. Kh8 Qf6 63. Kh7 Qf7 64. Kh8 Qf6 65. Kh7 Qxh4 66. g8=Q Qe7+ 67. Kh6 Qe6+ 68. Qxe6+ Kxe6 69. Kxh5 Kd5 70. Kg4 b5 71. Kf4 Kd4 72.
Kf3 Kc3 73. b4 Kxb4 74. Ke2 Kc3 75. Kd1 Kb2 76. Kd2 b4 77. Kd3 b3 78. Kc4 Ka2 79.
Kb4 b2 80. Ka4 b1=Q 81. Ka5 Qb3 82. Ka6 Kb2 83. Ka7 Kc3 84. Ka8 Kc4 85. Ka7 Kc5 86.
Ka8 Kc6 0-1

[Event "Late-Titled-Tuesday-Blitz-May-28-2024"]
[Site "Chess.com"]
[Date "2024.05.28"]
[Round "3"]
[White "Hakiki_satranc"]
[Black "MrEscacs"]
[Result "0-1"]
[WhiteElo "2408"]
[BlackElo "2188"]
[TimeControl "180+1"]
[EndTime "14:30:33 PDT"]
[Termination "MrEscacs won by checkmate"]

1. e4 Nf6 2. e5 Nd5 3. d4 d6 4. Nf3 Bg4 5. c4 Nb6 6. h3 Bh5 7. g4 Bg6 8. e6 fxe6 9. Bd3 Bxd3 10. Qxd3 Nc6 11. Nc3 Qd7 12. Bf4 O-O-O 13. O-O-O g6 14.
Qe2 Bg7 15. Rhe1 Rhf8 16. Bg3 Rde8 17. Ng5 Nd8 18. Nxh7 Rh8 19. Ng5 Bh6 20. h4 Bxg5+ 21. hxg5 Na4 22. Nxa4 Qxa4 23. b3 Qa3+ 24. Qb2 Qxb2+ 25.
Kxb2 Ref8 26. Rh1 Kd7 27. Kc2 Nf7 28. f4 Rxh1 29. Rxh1 Rh8 30. Rxh8 Nxh8 31. Kd3 Nf7 32. Ke4 c6 33. Be1 d5+ 34. Kd3 Nd6 35. Bd2 Ne4 36. Be3 a6 37. a4 b5 38. cxb5 cxb5 39.
axb5 axb5 40. Ke2 Kc6 41. Bc1 Kd7 42. Be3 Kc6 43. f5 exf5 44. gxf5 gxf5 45. g6 Nf6 46. Kf3 Kd6 47. Kf4 Ke6 48. Kg5 Ng8 49. Bf4 Nf6 50. Be5 Ne8 51. Kh6 f4 52. g7 Nxg7 53. Kxg7 Kf5 54.
Kf7 f3 55. Bg3 Ke4 56. Bf2 Kd3 57. Ke6 Kc2 58. Kxd5 Kxb3 59. Kc5 Ka4 60. d5 b4 61.
Kc4 b3 62. Kc3 Ka3 63. Bc5+ Ka2 64. Bxe7 b2 65. d6 b1=Q 66. Kc4 Qc1+ 67. Kd5 Qc8 68.
Bh4 Qd7 69. Bf2 Kb3 70. Bc5 Kc2 71. Ke4 Kc3 72. Kxf3 Qc6+ 73. Kf4 Qxc5 74. d7 Qd6+ 75. Kf5 Qxd7+ 76. Ke4 Kc4 77. Ke5 Qe7+ 78. Kf5 Kd5 79. Kf4 Qe5+ 80. Kf3 Kd4 81. Kf2 Kd3 82. Kf3 Qf5+ 83.
Kg3 Ke3 84. Kh4 Qg6 85. Kh3 Kf3 86. Kh2 Qg2# 0-1

[Event "Late-Titled-Tuesday-Blitz-May-28-2024"]
[Site "Chess.com"]
[Date "2024.05.28"]
[Round "3"]
[White "CixPer1968"]
[Black "wild3000"]
[Result "1/2-1/2"]
[WhiteElo "2153"]
[BlackElo "2384"]
[TimeControl "180+1"]
[EndTime "14:30:34 PDT"]
[Termination "Game drawn by repetition"]

1. d4 d5 2. c4 e6 3. Nc3 Nf6 4. cxd5 exd5 5. Bf4 c6 6. e3 Be7 7. Bd3 O-O 8. Qc2 Nbd7 9. Nf3 Re8 10. O-O Nf8 11.
Ne5 Be6 12. Rab1 Nh5 13. Bg3 Nxg3 14. hxg3 a5 15. a3 Bd6 16. f4 f6 17. Nf3 Bg4 18.
Kf2 Qe7 19. Rbe1 b5 20. Rh1 h6 21. e4 Qa7 22. Ne2 c5 23. exd5 cxd4 24. Qc6 Rad8 25.
Qxb5 Rb8 26. Qa4 Bd7 27. Qc2 Rec8 28. Qd2 Qc5 29. Rc1 Qxd5 30. Bb1 Rxc1 31. Rxc1 Kh8 32. Qxd4 Qxd4+ 33. Nexd4 Rxb2+ 34. Kg1 g5 35. fxg5 hxg5 36. Nf5 Bxg3 37. Nxg3 Rb3 38. Bf5 Bxf5 39. Nxf5 Rxa3 40.
Rc8 Kg8 41. N3d4 g4 42. Ne6 g3 43. Rxf8+ Kh7 44. Nxg3 Rxg3 45. Rxf6 Ra3 46. Rf5 Ra1+ 47. Kh2 a4 48. Ra5 Kg6 49. Nc5 a3 50. Nb3 Ra2 51.
Kh3 Kf6 52. g4 Ke6 53. Kh4 Kd6 54. g5 Kc6 55. g6 Kb6 56. Ra8 Rg2 57. Kh5 a2 58. Kh6 Rh2+ 59. Kg7 Rg2 60. Kf7 Kb5 61. g7 Rf2+ 62. Ke8 Re2+ 63. Kf8 Rf2+ 64. Kg8 Kb4 65.
Kh7 Rh2+ 66. Kg6 Rg2+ 67. Kf6 Kxb3 68. Kf7 Rf2+ 69. Ke7 Re2+ 70. Kd7 Rd2+ 71. Ke7 Rg2 72. Kf7 Rf2+ 73. Ke8 Rg2 74. Kf8 Rf2+ 75. Ke7 Re2+ 76.
Kd6 Rd2+ 77. Ke7 Re2+ 1/2-1/2

[Event "Late-Titled-Tuesday-Blitz-May-28-2024"]
[Site "Chess.com"]
[Date "2024.05.28"]
[Round "3"]
[White "RebecaJimnz"]
[Black "WindWhistler11"]
[Result "1-0"]
[WhiteElo "2315"]
[BlackElo "2529"]
[TimeControl "180+1"]
[EndTime "14:30:39 PDT"]
[Termination "RebecaJimnz won by resignation"]

1. e4 e6 2. d3 d5 3. Nd2 Nf6 4. Ngf3 c5 5. g3 Nc6 6. Bg2 g6 7. O-O Bg7 8. Re1 O-O 9. c3 b6 10. e5 Nd7 11. d4 a5 12. Nf1 Ba6 13. Bg5 Qe8 14. Qd2 Rc8 15. Bh6 cxd4 16. cxd4 Nb4 17. Bxg7 Kxg7 18. Rec1 Rxc1 19. Qxc1 Qe7 20. Ne3 h5 21. a3 Rc8 22. Qd2 Nc6 23. h4 a4 24.
Rc1 Qd8 25. g4 Qh8 26. g5 Qd8 27. Bf1 Bxf1 28. Nxf1 Na5 29. Rxc8 Qxc8 30. Qb4 Qc4 31. Qe7 Qc7 32. Ne3 Nc6 33. Qe8 Qd8 34. Qxd8 Nxd8 35. Kf1 b5 36. Ke2 Nb7 37. Kd3 Na5 38.
Kc3 Nc6 39. Ne1 Nb6 40. Nd3 Kf8 41. Nb4 Na5 42. Na6 Nbc4 43. Nc7 Nc6 44. Nxb5 Nxe3 45.
fxe3 Ne7 46. Kd3 Nf5 47. Nc3 Nxh4 48. Nxa4 Nf3 49. Nc5 h4 50. Ke2 Nxg5 51. Kf2 f6 52. a4 fxe5 53. dxe5 Nf7 54. a5 Nd8 55. a6 Nc6 56.
Nb7 Ke7 57. Na5 Na7 58. Nb3 Kd7 59. Kf3 Kc6 60. Kg4 g5 61. Nd4+ Kd7 62. Nf3 Kc6 63.
Nxg5 Kb5 64. Nxe6 Kxa6 65. Kxh4 Nc6 66. Nf4 Nxe5 67. Nxd5 Nc4 68. e4 Nxb2 69. Kg5 Nc4 70.
Kf5 Kb5 71. Nf6 Kc5 72. Ne8 Ne3+ 73. Kf4 Nc4 74. Nf6 Kc6 75. Ng4 Kd6 76. Ne3 Ke6 77.
Nxc4 Kf6 78. Ne3 Ke6 79. e5 Ke7 80. Ke4 Kf7 81. Kf5 Ke7 82. e6 Kf8 83. Ke5 Ke7 84. Kf5 Ke8 85. Kf6 Kf8 86. e7+ Ke8 87. Ng4 Kd7 88. Kf7 Kd6 89. e8=Q 1-0

[Event "Late-Titled-Tuesday-Blitz-May-28-2024"]
[Site "Chess.com"]
[Date "2024.05.28"]
[Round "3"]
[White "KatakuriDono"]
[Black "Hananmo"]
[Result "1/2-1/2"]
[WhiteElo "2293"]
[BlackElo "2535"]
[TimeControl "180+1"]
[EndTime "14:30:44 PDT"]
[Termination "Game drawn - insufficient material"]

1. d4 Nf6 2. Nf3 g6 3. Nbd2 d5 4. e3 Bg7 5. b4 O-O 6. c4 a5 7. b5 dxc4 8. Bxc4 Nbd7 9. O-O Re8 10. Bb2 Nb6 11. Be2 Bf5 12. a4 Ne4 13. Nxe4 Bxe4 14. Bd3 Bxd3 15. Qxd3 e5 16. Qc2 e4 17. Nd2 Qe7 18.
Rfc1 Nd5 19. Qc5 Qe6 20. Qc4 h5 21. Nb3 h4 22. h3 b6 23. Ba3 g5 24. Qe2 f5 25. Rc6 Qf7 26. Rac1 Rad8 27. Nd2 Re6 28. Qc4 Bf8 29. Bxf8 Kxf8 30. Rxe6 Qxe6 31. Qc6 Qxc6 32. Rxc6 Rd6 33. Rxd6 cxd6 34. Nc4 Ke7 35. Kf1 Kd7 36.
Ke1 Kc7 37. Kd2 Nf6 38. f3 exf3 39. gxf3 g4 40. fxg4 fxg4 41. Ke2 gxh3 42. Kf2 Ng4+ 43.
Kg1 d5 44. Nd2 Nxe3 45. Kh2 Nf5 46. Nf3 Kd6 47. Kxh3 Ke6 48. Kg4 Kf6 49. Kh3 Kf7 50.
Kg4 Kg6 51. Ne5+ Kf6 52. Nf3 Ke6 53. Kh3 Kf7 54. Kg4 Ne3+ 55. Kxh4 Nc4 56. Kg5 Ke6 57. Kf4 Nb2 58. Ng5+ Kd6 59. Kf5 Nxa4 60. Nf7+ Ke7 61. Ng5 Nc3 62. Ke5 a4 63. Nf3 a3 64. Nd2 a2 65. Nb3 Kd7 66. Na1 Ke7 67. Nb3 Kf7 68. Na1 Ke8 69. Nb3 Kf7 70. Na1 Kg6 71. Nb3 Kg5 72. Kd6 Kg4 73. Kc6 Kf3 74. Kxb6 Ke2 75. Kc5 Kd1 76. b6 Na4+ 77. Kb4 Nxb6 78.
Ka3 a1=Q+ 79. Nxa1 Kd2 80. Kb4 Kd3 81. Kc5 Na4+ 82.
Kxd5 Nc3+ 83. Ke5 Kc4 84. Nc2 Kb5 85. Ne3 Kc6 86. d5+ Nxd5 1/2-1/2

[Event "Late-Titled-Tuesday-Blitz-May-28-2024"]
[Site "Chess.com"]
[Date "2024.05.28"]
[Round "3"]
[White "DirtyKabab"]
[Black "ViktoriyaTarasova"]
[Result "1/2-1/2"]
[WhiteElo "2561"]
[BlackElo "2400"]
[TimeControl "180+1"]
[EndTime "14:30:46 PDT"]
[Termination "Game drawn - insufficient material"]

1. e4 e5 2. Nf3 Nc6 3. Nc3 Nf6 4. a3 d5 5. Bb5 dxe4 6. Nxe5 Bd7 7. Bxc6 Bxc6 8. Nxc6 bxc6 9. O-O Bc5 10. Qe2 O-O 11. Nxe4 Re8 12. d3 h6 13. Qf3 Nxe4 14. dxe4 Qe7 15. Re1 Rab8 16. b4 Bd4 17. c3 Bf6 18. Bf4 Be5 19. Rad1 Rbd8 20. h3 Qf6 21. Bxe5 Qxe5 22.
Qe3 Rxd1 23. Rxd1 Qxe4 24. Qxe4 Rxe4 25. Rd8+ Kh7 26. Rd7 Rc4 27. Rxc7 Rxc3 28. Rxa7 Kg6 29. g3 f6 30. Ra5 Kf7 31. h4 g6 32. Kg2 h5 33. Kf1 Ke6 34. Ke2 Rc2+ 35. Ke3 Kd6 36. Kf3 Rc3+ 37. Kf4 Rc2 38. f3 Rc4+ 39. Ke3 Rc3+ 40. Ke4 Rc1 41. Ra8 Rg1 42. Kf4 Ra1 43. Rg8 Rxa3 44. Rxg6 Ke6 45. Rg8 Rb3 46. Rb8 c5 47. b5 c4 48. g4 hxg4 49. fxg4 c3 50.
Rc8 Rb4+ 51. Kg3 Rxb5 52. Rxc3 Kf7 53. Rf3 Kg6 54. Rf4 Rb3+ 55. Rf3 Rb4 56. Re3 Ra4 57.
Rf3 Rb4 58. h5+ Kg7 59. Rf4 Rb3+ 60. Kh4 Rb5 61. Rf5 Rb1 62. Kg3 Rg1+ 63. Kf4 Rf1+ 64. Ke4 Re1+ 65. Kd4 Rg1 66. Rf4 Re1 67. Kd5 Re2 68.
Re4 Ra2 69. Ke6 Ra6+ 70. Kf5 Ra5+ 71. Kf4 Rb5 72. Rc4 Ra5 73. Rc7+ Kh6 74. Rc6 Kg7 75. Kg3 Rb5 76. Kh4 Ra5 77. Rc7+ Kh6 78. Rf7 Ra6 79. Rf8 Rb6 80. Kg3 Kg7 81. Rc8 Rb4 82. Kh4 Rb5 83. Rc7+ Kh6 84. Rf7 Rb6 85. Rxf6+ Rxf6 86. g5+ Kg7 87. gxf6+ Kxf6 88. Kg4 Kg7 89. h6+ Kh7 90. Kh4 Kxh6 1/2-1/2

[Event "Late-Titled-Tuesday-Blitz-May-28-2024"]
[Site "Chess.com"]
[Date "2024.05.28"]
[Round "3"]
[White "ZachHKL"]
[Black "JacksterThePro"]
[Result "0-1"]
[WhiteElo "2371"]
[BlackElo "2560"]
[TimeControl "180+1"]
[EndTime "14:30:52 PDT"]
[Termination "JacksterThePro won by resignation"]

1. c4 e5 2. g3 Nf6 3. Bg2 c6 4. d4 e4 5. d5 Bc5 6. Nc3 O-O 7. Nxe4 Nxe4 8. Bxe4 Qf6 9. e3 Bb4+ 10. Bd2 Qxb2 11. Rb1 Bxd2+ 12. Qxd2 Qf6 13. d6 Na6 14. Ne2 Nc5 15.
Bg2 b6 16. O-O Ba6 17. Rfc1 Nb7 18. Rd1 Bxc4 19. Nc3 Rfe8 20. Rb4 b5 21. a4 a5 22. Rb2 b4 23. Ne4 Qg6 24. Qd4 Bd5 25. Nc5 Nxc5 26.
Qxc5 Bxg2 27. Kxg2 Qe4+ 28. Kg1 Re5 29. Qb6 Rd5 30.
Rc1 Rxd6 31. Qb7 Re8 32. Qc7 Rd5 33. Rbc2 h5 34. Rc4 Qe6 35. e4 Rd2 36. Qxa5 Qf6 37.
Rf1 Rb2 38. Rxb4 Qc3 39. Rb5 Qxa5 40. Rxa5 Rxe4 41. Rd1 d5 42. Rc5 Ree2 43. Rf1 Rec2 44. Rxc2 Rxc2 45. Ra1 Rb2 46. a5 Rb7 47. Rc1 Ra7 48.
Rxc6 Rxa5 49. Rc8+ Kh7 50. Rd8 Kg6 51. Rd7 Kf6 52.
Kf1 Ke6 53. Rd8 g6 54. Ke2 Ra2+ 55. Ke3 Ra3+ 56. Ke2 f6 57. Rg8 Kf5 58. Rd8 Ke5 59.
Re8+ Kd4 60. Rg8 Ra2+ 61. Kf3 g5 62. Rf8 Ke5 63. Re8+ Kf5 64. Rd8 Rd2 65. Ke3 Rd1 66. Ke2 Rh1 67. Rxd5+ Ke6 68. Ra5 Rxh2 69. Ra6+ Kf5 70.
Ra1 h4 71. gxh4 Rxh4 72. Ra5+ Kg6 73. Ra6 Rb4 74. Rc6 Rb3 75. Kf1 g4 76. Ra6 Kg5 77.
Ra4 f5 78. Kg2 Rd3 79. Ra8 Kf6 80. Rf8+ Ke5 81. Re8+ Kf4 82. Ra8 Rd4 83. Ra4 Rxa4 0-1

[Event "Late-Titled-Tuesday-Blitz-May-28-2024"]
[Site "Chess.com"]
[Date "2024.05.28"]
[Round "3"]
[White "giomar27"]
[Black "stolencandy13"]
[Result "1/2-1/2"]
[WhiteElo "2463"]
[BlackElo "2621"]
[TimeControl "180+1"]
[EndTime "14:31:08 PDT"]
[Termination "Game drawn - insufficient material"]

1. e4 c6 2. Nc3 d5 3. Nf3 Bg4 4. h3 Bxf3 5. Qxf3 Nf6 6. d3 e6 7. g3 Nbd7 8. Bg2 g6 9. O-O Bg7 10. Qe2 O-O 11. Bd2 Qc7 12. f4 Rfe8 13. e5 Nh5 14. Kh2 Nxe5 15. g4 Nxg4+ 16. hxg4 Nf6 17. Kg1 h5 18. gxh5 Nxh5 19. Qf2 c5 20. Nd1 Nf6 21.
c3 Ng4 22. Qg3 Nh6 23. Bh3 Nf5 24. Qf2 Bf6 25. Ne3 d4 26. Ng4 Bg7 27. c4 a6 28. Rae1 b5 29. b3 bxc4 30. bxc4 Rab8 31. Rb1 Rb7 32. Bg2 Rxb1 33. Rxb1 Rb8 34. Qe1 Bf8 35.
Ne5 Bd6 36. Kf2 Bxe5 37. Rxb8+ Qxb8 38. fxe5 Qd8 39. Ke2 Qb8 40. Bf4 Qb2+ 41. Qd2 Qb1 42. Qc1 Qxa2+ 43. Qd2 Qb1 44. Be4 Qg1 45. Bxf5 gxf5 46.
Bh6 Kh7 47. Qg5 Qh2+ 48. Kd1 Qxh6 49. Qe7 Kg7 50. Qd8 Qh5+ 51. Kc2 f4 52. Qf6+ Kh7 53. Qxf4 Qf5 54. Qh4+ Kg6 55. Qg3+ Kh7 56. Qh4+ Kg8 57. Qd8+ Kg7 58. Qc7 Kg6 59. Qxc5 f6 60. Qxd4 fxe5 61. Qg1+ Kf6 62. Qa7 e4 63. Qd4+ Kf7 64. dxe4 Qf3 65. Qd7+ Kf6 66. Qd4+ Ke7 67. Qa7+ Kd6 68. Qb6+ Ke5 69.
Qxa6 Qxe4+ 70. Kb3 Qd3+ 71. Kb4 Qd2+ 72. Kc5 Kf5 73. Qb5 e5 74. Kc6 Kf4 75. c5 e4 76.
Qc4 Qd3 77. Qf7+ Kg3 78. Qg6+ Kf2 79. Kb6 Qb3+ 80. Kc7 Qf3 81. c6 e3 82. Kd7 e2 83.
c7 e1=Q 84. Qb6+ Kf1 85. Qb5+ Kg1 86. Qc5+ Kf1 87. Qc4+ Kg2 88. Qc2+ Kg3 89. c8=Q Qg4+ 90. Kd8 Qf2 91. Qd3+ Qff3 92. Qxf3+ Qxf3 93. Qd7 Kf2 94. Qe7 Kg2 95. Qd7 Kf2 96. Ke8 Qe3+ 97. Kd8 Qf4 98. Qc7 Kg3 99. Kc8 Kg4 100. Kb7 Kf5 101. Qxf4+ Kxf4 1/2-1/2

[Event "Late-Titled-Tuesday-Blitz-May-28-2024"]
[Site "Chess.com"]
[Date "2024.05.28"]
[Round "4"]
[White "Caracal3000"]
[Black "CixPer1968"]
[Result "1-0"]
[WhiteElo "2565"]
[BlackElo "2149"]
[TimeControl "180+1"]
[EndTime "14:32:34 PDT"]
[Termination "Caracal3000 won by resignation"]

1. e4 c5 2. Nf3 d6 3. d4 cxd4 4. Nxd4 Nf6 5. Nc3 g6 6. Be3 Bg7 7. f3 O-O 8. Qd2 Nc6 9. O-O-O d5 10. Kb1 Nxd4 11. e5 Nf5 12. exf6 e6 13. fxg7 1-0

[Event "Late-Titled-Tuesday-Blitz-May-28-2024"]
[Site "Chess.com"]
[Date "2024.05.28"]
[Round "4"]
[White "Karttunen"]
[Black "giomar27"]
[Result "1-0"]
[WhiteElo "2658"]
[BlackElo "2459"]
[TimeControl "180+1"]
[EndTime "14:33:21 PDT"]
[Termination "Karttunen won by resignation"]

1. d4 Nf6 2. c4 g6 3. Nc3 d5 4.
cxd5 Nxd5 5. e4 Nxc3 6. bxc3 c5 7. Be3 Bg7 8. Qd2 O-O 9. Rd1 Qa5 10. Bc4 Nc6 11. Ne2 b5 12. Bd3 Rd8 13. d5 Ne5 14.
Bxc5 Nxd3+ 15. Qxd3 Bg4 16. f3 Rac8 17. Bb4 Qb6 18. fxg4 a5 19. Bxe7 Re8 20. d6 1-0

[Event "Late-Titled-Tuesday-Blitz-May-28-2024"]
[Site "Chess.com"]
[Date "2024.05.28"]
[Round "4"]
[White "simaopdias"]
[Black "marik_spb"]
[Result "0-1"]
[WhiteElo "2259"]
[BlackElo "2511"]
[TimeControl "180+1"]
[EndTime "14:33:51 PDT"]
[Termination "marik_spb won by resignation"]

1. e4 c6 2. d4 d5 3. exd5 cxd5 4. c4 e6 5. Nc3 Nf6 6. Nf3 Bb4 7. Qb3 Nc6 8. cxd5 Nxd5 9. Bb5 O-O 10. Bxc6 bxc6 11.
O-O Rb8 12. Qc2 Ba6 13. Rd1 Qf6 14. a3 Bxc3 15. bxc3 Bc4 16. Bg5 Qg6 17. Qxg6 hxg6 18. Rdb1 Nxc3 19. Rxb8 Rxb8 20. h3 Bd5 21. Bf4 Ne2+ 0-1

[Event "Late-Titled-Tuesday-Blitz-May-28-2024"]
[Site "Chess.com"]
[Date "2024.05.28"]
[Round "4"]
[White "dealshark"]
[Black "NikitaShnadrygin"]
[Result "0-1"]
[WhiteElo "2432"]
[BlackElo "2729"]
[TimeControl "180+1"]
[EndTime "14:34:11 PDT"]
[Termination "NikitaShnadrygin won by resignation"]

1. e4 c5 2. c3 Nf6 3. e5 Nd5 4. d4 cxd4 5. Nf3 d6 6. Qxd4 e6 7. Bc4 Nc6 8. Qe4 dxe5 9. Nxe5 Nf6 10. Qe2 Nxe5 11. Qxe5 a6 12. Bg5 Bd6 13. Qe2 b5 14. Bb3 Bb7 15. O-O Qc7 16. h3 O-O 17. Nd2 Nd5 18. Ne4 Nf4 19. Bxf4 Bxf4 20. Bc2 Rad8 21. Qg4 f5 22. Qe2 fxe4 0-1

[Event "Late-Titled-Tuesday-Blitz-May-28-2024"]
[Site "Chess.com"]
[Date "2024.05.28"]
[Round "4"]
[White "Msb2"]
[Black "bubeliang"]
[Result "1-0"]
[WhiteElo "3035"]
[BlackElo "2805"]
[TimeControl "180+1"]
[EndTime "14:34:12 PDT"]
[Termination "Msb2 won by resignation"]

1. d4 d5 2. c4 e6 3. Nc3 Nf6 4. cxd5 exd5 5. Bg5 Be7 6. e3 O-O 7. Bd3 Re8 8. h3 c6 9. Qc2 h6 10. Bf4 a5 11. Nf3 Na6 12. a3 Nc7 13. O-O Ne6 14. Bg3 Bd7 15. Ne5 Bf8 16. f4 c5 17.
Bh4 cxd4 18. Bh7+ Nxh7 19. Bxd8 dxc3 20. Nxd7 Raxd8 21. Nxf8 Nhxf8 22. Qxc3 b6 23. Qc6 Rb8 24. Qxd5 Nc5 25. b4 axb4 26. axb4 Ne4 27. Ra7 1-0

[Event "Late-Titled-Tuesday-Blitz-May-28-2024"]
[Site "Chess.com"]
[Date "2024.05.28"]
[Round "4"]
[White "PhileKhoob"]
[Black "secretworker2027"]
[Result "0-1"]
[WhiteElo "2328"]
[BlackElo "2622"]
[TimeControl "180+1"]
[EndTime "14:34:35 PDT"]
[Termination "secretworker2027 won by resignation"]

1. Nf3 Nf6 2. g3 e6 3. Bg2 d5 4. d4 c5 5. O-O Nc6 6. c4 Be7 7.
cxd5 exd5 8. Nc3 O-O 9. dxc5 Bxc5 10. Na4 Be7 11. Be3 Re8 12. Bc5 Bxc5 13. Nxc5 Qe7 14. Rc1 Qxe2 15. Re1 Qxd1 16. Rcxd1 Bg4 17. Nxb7 Ne5 18.
Re3 Nxf3+ 19. Bxf3 Rxe3 20. Bxg4 Re7 0-1

[Event "Late-Titled-Tuesday-Blitz-May-28-2024"]
[Site "Chess.com"]
[Date "2024.05.28"]
[Round "4"]
[White "Pitomina"]
[Black "Yaacovn"]
[Result "0-1"]
[WhiteElo "2487"]
[BlackElo "2855"]
[TimeControl "180+1"]
[EndTime "14:34:35 PDT"]
[Termination "Yaacovn won by resignation"]

1. d4 Nf6 2. c4 e5 3. dxe5 Ne4 4. a3 d6 5. Nf3 Bf5 6. g3 Nc6 7. exd6 Bxd6 8. Bg2 Qf6 9. O-O O-O-O 10. Qa4 Nc5 11. Qd1 Bxg3 12. Qe1 Bh4 13. Nxh4 Qxh4 14. Nd2 Rhe8 15. b4 Nd3 16. Qd1 Nf4 17. Qb3 Nd4 0-1

[Event "Late-Titled-Tuesday-Blitz-May-28-2024"]
[Site "Chess.com"]
[Date "2024.05.28"]
[Round "4"]
[White "TigrVShlyape"]
[Black "brunoo2003"]
[Result "1-0"]
[WhiteElo "2910"]
[BlackElo "2575"]
[TimeControl "180+1"]
[EndTime "14:34:38 PDT"]
[Termination "TigrVShlyape won by resignation"]

1. d4 Nf6 2. Bf4 g6 3. c3 Bg7 4. Nf3 O-O 5. Nbd2 d6 6. h3 Re8 7. e4 Nc6 8. Be2 e5 9. dxe5 dxe5 10. Bg5 h6 11. Bh4 Be6 12. O-O Qe7 13. Qc2 g5 14. Bg3 Nh5 15. Bc4 Bxc4 16. Nxc4 Nxg3 17. Rfe1 Nh5 18.
Ne3 Nf6 19. Nh2 Qe6 20. Nhg4 Ne7 21. Nxf6+ Bxf6 22. Qd1 Rad8 23. Qh5 Bg7 24. Red1 Qg6 25. Qf3 Qf6 26. Qh5 Ng6 27. g3 Rxd1+ 28. Rxd1 Rd8 29.
Nf5 Rxd1+ 30. Qxd1 Nf8 31. Qb3 Qc6 32. Ne7+ 1-0

[Event "Late-Titled-Tuesday-Blitz-May-28-2024"]
[Site "Chess.com"]
[Date "2024.05.28"]
[Round "4"]
[White "betta2004"]
[Black "LUISMIGUELOV"]
[Result "1-0"]
[WhiteElo "2563"]
[BlackElo "2233"]
[TimeControl "180+1"]
[EndTime "14:34:43 PDT"]
[Termination "betta2004 won by resignation"]

1. b3 c6 2. Bb2 d5 3. e3 Bf5 4.
f4 Nd7 5. Nf3 Qc7 6. Be2 e6 7.
O-O Ngf6 8. Ne5 Bd6 9. d4 Nxe5 10. fxe5 Ne4 11. exd6 Qxd6 12. Nd2 O-O 13. Nxe4 Bxe4 14. Bd3 f5 15. Bxe4 fxe4 16. Qg4 Rab8 17. g3 Rf5 18. Rxf5 exf5 19. Qxf5 Rf8 20. Qe5 Qb4 21.
c3 Qb5 22. c4 Qb4 23. Rf1 Rxf1+ 24. Kxf1 h6 25. Ke2 Qa5 26. cxd5 Qxa2 27. Qe8+ Kh7 28. Qxe4+ Kh8 29. Qc2 cxd5 30. e4 dxe4 31. d5 Qa6+ 32. Ke3 Qb6+ 33. Bd4 Qd6 34. Qc8+ Kh7 35. Qf5+ Kh8 36.
Qe5 Qd7 37. d6 b6 38. Qxg7+ Qxg7 39. Bxg7+ Kxg7 40. d7 1-0